 Dungeon Crawl Stone Soup version 0.31-a0-210-gccc998df9b (webtiles) character file.

Game seed: 8768608334456314223

2760 Ijustatesigmund the Stinger (level 9, 0/57 HPs)
             Began as an Octopode Venom Mage on June 30, 2023.
             Was an Initiate of Vehumet.
             Slain by a troll (9 damage)
             ... on level 6 of the Dungeon.
             The game lasted 00:18:08 (9369 turns).

Ijustatesigmund the Stinger (Octopode Venom Mage)   Turns: 9369, Time: 00:18:09

Health: 0/57       AC:  1    Str:  7    XL:     9   Next: 69%
Magic:  8/19       EV: 13    Int: 20    God:    Vehumet [......]
Gold:   305        SH:  0    Dex: 12    Spells: 8/21 levels left

rFire   . . .        p - staff of air
rCold   . . .        (no shield)
rNeg    . . .        (helmet restricted)
rPois   .            (no amulet)
rElec   +            h - ring of see invisible
rCorr   .            (no ring)
SInv    +            (no ring)
Will    .....        (no ring)
Stlth   +++          (no ring)
HPRegen 0.29/turn    (no ring)
MPRegen 0.16/turn    (no ring)
                     (no ring)

%: no passive effects
@: about to teleport
A: almost no armour, amphibious, 8 rings, camouflage 1, gelatinous body 1,
(nimble swimmer 1), tentacles, dopey 1, electricity resistance
a: Renounce Religion


You were on level 6 of the Dungeon.
You worshipped Vehumet.
Vehumet was noncommittal.
You visited 2 branches of the dungeon, and saw 7 of its levels.

You collected 370 gold pieces.
You spent 65 gold pieces at shops.

Inventory:

Hand Weapons
 c - a +1 spear
Missiles
 s - a throwing net
Armour
 l - the +3 tower shield of Gehenna {rC+ Str+3}
   (You found it on level 3 of the Dungeon)

   Str:       It affects your strength (+3).
   rC:        It protects you from cold.
Magical Staves
 p - a staff of air (weapon)
Jewellery
 h - a ring of see invisible (left tentacle)
 j - a ring of protection from cold
 k - a ring of protection from cold
 t - a ring of protection from fire
Wands
 o - a wand of flame (22)
 r - a wand of polymorph (9)
Scrolls
 b - a scroll of revelation
 i - a scroll of fog
 m - 2 scrolls of identify
Potions
 a - a potion of magic
 e - 2 potions of heal wounds {unknown}
 g - 2 potions of attraction
 n - a potion of brilliance
 q - a potion of resistance {unknown}


   Skills:
 - Level 3.6 Fighting
 - Level 2.1 Staves
 - Level 2.0 Dodging
 - Level 2.6 Stealth
 + Level 6.7 Spellcasting
 + Level 5.0 Conjurations
 - Level 1.0 Transmutations
 + Level 4.9 Ice Magic
 - Level 4.3 Air Magic
 - Level 6.7 Poison Magic


You had 8 spell levels left.
You knew the following spells:

 Your Spells              Type           Power      Damage    Failure   Level
a - Sting                 Tmut/Pois      88%        1d7       1%          1
b - Poisonous Vapours     Pois/Air       86%        N/A       1%          2
c - Mephitic Cloud        Conj/Pois/Air  42%        N/A       3%          3
d - Olgreb's Toxic Radia  Pois           33%        N/A       6%          4
e - Frozen Ramparts       Ice            52%        1d8       3%          3

Your spell library contained the following spells:

 Spells                   Type           Power      Damage    Failure   Level
 Freeze                   Ice            100%       1d10      1%          1
 Hailstorm                Conj/Ice       26%        3d7       3%          3
 Ensorcelled Hibernation  Hex/Ice        32%        N/A       5%          2
 Spider Form              Tmut/Pois      22%        N/A       6%          3
 Sandblast                Erth           12%        2d6       10%         1
 Dazzling Flash           Conj/Hex       32%        N/A       11%         3
 Stone Arrow              Conj/Erth      32%        3d9       11%         3
 Passwall                 Tmut/Erth      6%         N/A       12%         2
 Freezing Cloud           Conj/Ice/Air   19%        6-21      36%         5
 Anguish                  Hex/Necr       3%         N/A       67%         4
 Silence                  Hex/Air        11%        N/A       73%         5
 Agony                    Necr           6%         N/A       95%         5


Dungeon Overview and Level Annotations

Branches:
Dungeon (6/15)             Temple (1/1) D:6

Altars:
Ashenzari
Cheibriados
Dithmenos
Elyvilon
Fedhas
Gozag
Hepliaklqana
Makhleb
Okawaru
Sif Muna
Uskayaw
Vehumet
Wu Jian
Xom
Yredelemnul
Zin
The Shining One

Shops:
D:3 ?   D:5 ?


Innate Abilities, Weirdness & Mutations

You cannot wear most types of armour.
You are amphibious.
You can wear up to eight rings at the same time.
Your skin changes colour to match your surroundings (Stealth+).
Your rubbery body absorbs attacks. (AC +1, EV +1)
((You are camouflaged when in or above water. (Stealth+)))
You have tentacles for arms and can constrict up to eight enemies at once.
You are dopey. (Int -2)
You are resistant to electric shocks. (rElec)


Message History

The warg is moderately wounded.
The now-empty wand crumbles to dust.
The warg misses you.
Okay, then.
You barely miss the warg.
The warg is moderately wounded.
The warg barely misses you. The warg bites you!
* * * LOW HITPOINT WARNING * * *
You closely miss the warg.
The warg is moderately wounded.
The orc wizard mumbles some strange words.
The orc wizard flickers and vanishes for a moment.
The warg closely misses you.
As you read the scroll of teleportation, it crumbles to dust.
You feel strangely unstable. The warg misses you. The warg closely misses you.
The warg attacks as you move away! The warg bites you.
* * * LOW HITPOINT WARNING * * *
The orc wizard dies!
Things that are here:
a +0 whip; a +0 leather armour; a gnoll corpse The warg attacks as you move away!
The warg barely misses you.
Your surroundings suddenly seem different.
A gnoll comes into view. It is wielding a +0 club.
Casting: Mephitic Cloud (dangerous; 3% risk of failure)
Confirm with . or Enter, or press ? or * to list all spells.
Aiming: Mephitic Cloud (dangerous; 3% risk of failure)
Press: ? - help, Shift-Dir - straight line, f - gnoll
Aim: a gnoll, wielding a +0 club (wandering, hasn't noticed you, chance to affect: 91%)
You feel a surge of power!
The ball explodes into a vile cloud!
The stinking cloud engulfs the gnoll but does no damage.
The gnoll shouts!
You hear a shout!
The gnoll is engulfed in noxious fumes.
The gnoll appears confused.
The gnoll is engulfed in noxious fumes.
The gnoll appears confused.
Things that are here:
a +0 club; a +0 leather armour A troll comes into view.
As you read the scroll of teleportation, it crumbles to dust.
You feel strangely unstable. The troll bites you.
* * * LOW HITPOINT WARNING * * *
The troll claws you!
You die...

#............#.....##.#.#.##
######.##........####.#.#...
#.......##.........#.#.
#...........[..........
#......)...............
#................>.#..#
#.......##.##.....)...#
#.....T.#..............
#...).@..#.##..#..##..#
#....)...#.##..#..##..#
#)#.#...)..........#..#
#.#.#..#.#.##.....##<..
#.#.#..#.#.##.....##.)#
#)#...................#
#......)...##..#..#.#.#
#..)................#.#
................g........


You could see a troll.

Vanquished Creatures
  A steam dragon (D:6)
  3 ice beasts
  A black bear (D:4)
  5 ogres
  2 centaurs
  3 phantoms
  Blork the orc (D:6)
  5 scorpions
  A gnoll sergeant (D:5)
  4 howler monkeys
  8 hounds
  A jelly (D:5)
  3 orc priests
  3 gnoll boudas (D:6)
  3 orc wizards (D:6)
  2 iguanas
  8 gnolls
  8 adders
  A white imp (D:6)
  3 worms
  6 dart slugs
  12 orcs
  6 ball pythons
  9 bats
  4 endoplasms
  11 giant cockroaches
  10 goblins
  6 hobgoblins
  7 quokkas
  3 frilled lizards
  9 kobolds
  5 rats
154 creatures vanquished.

Vanquished Creatures (collateral kills)
  A sleepcap (D:6)
1 creature vanquished.

Vanquished Creatures (others)
  An orc wizard (D:6)
1 creature vanquished.

Grand Total: 156 creatures vanquished

Notes
Turn   | Place    | Note
-------+----------+-------------------------------------------
     0 | D:1      | Ijustatesigmund the Octopode Venom Mage began the quest for
                  | the Orb.
     0 | D:1      | Reached XP level 1. HP: 11/11 MP: 3/3
   203 | D:1      | Reached XP level 2. HP: 15/18 MP: 5/5
   206 | D:1      | Learned a level 2 spell: Poisonous Vapours
   414 | D:1      | Reached skill level 1 in Fighting
   576 | D:1      | Reached XP level 3. HP: 23/23 MP: 1/6
   583 | D:1      | Learned a level 3 spell: Mephitic Cloud
  1073 | D:1      | Gained mutation: You are dopey. (Int -2) [potion of
                  | mutation]
  1073 | D:1      | Gained mutation: You are resistant to electric shocks.
                  | (rElec) [potion of mutation]
  1315 | D:1      | Reached skill level 1 in Air Magic
  1575 | D:2      | Reached XP level 4. HP: 17/29 MP: 4/8
  2719 | D:3      | Reached XP level 5. HP: 29/34 MP: 6/9
  3208 | D:3      | Identified the +3 tower shield of Gehenna {rC+ Str+3}
  3257 | D:3      | Found Heankoco's Magic Scroll Emporium.
  3265 | D:3      | Bought a scroll of teleportation for 39 gold pieces
  3265 | D:3      | Bought a scroll of identify for 26 gold pieces
  3571 | D:4      | Learned a level 4 spell: Olgreb's Toxic Radiance
  3705 | D:4      | Noticed an ogre
  3713 | D:4      | Killed an ogre
  3714 | D:4      | Reached skill level 5 in Poison Magic
  3714 | D:4      | Reached XP level 6. HP: 41/41 MP: 2/10
  3847 | D:4      | Found a burning altar of Makhleb.
  4130 | D:4      | Reached XP level 7. HP: 13/46 MP: 8/12
  4795 | D:5      | Entered Level 5 of the Dungeon
  5020 | D:5      | Reached skill level 1 in Staves
  5360 | D:6      | HP: 1/46 [iguana (14)]
  5602 | D:5      | Reached XP level 8. HP: 46/53 MP: 3/14
  6257 | D:5      | Learned a level 3 spell: Frozen Ramparts
  6576 | D:5      | Found Icuth's Magic Scroll Shop.
  6634 | D:5      | Reached skill level 5 in Spellcasting
  6634 | D:5      | Reached skill level 1 in Conjurations
  6634 | D:5      | Reached skill level 1 in Ice Magic
  7579 | D:6      | Found a staircase to the Ecumenical Temple.
  7592 | D:6      | Reached XP level 9. HP: 50/57 MP: 11/17
  7597 | Temple   | Entered the Ecumenical Temple
  7736 | Temple   | Became a worshipper of Vehumet
  7995 | D:6      | Noticed Blork the orc
  8024 | D:6      | Killed Blork the orc
  9045 | D:6      | Found an ornate altar of the Wu Jian Council.
  9347 | D:6      | Reached skill level 5 in Conjurations
  9366 | D:6      | Noticed a troll
  9369 | D:6      | Slain by a troll

Illustrated notes

Levels and vault maps discovered:
D:1:      giann_bridges, layout_basic, minmay_3d_cube
D:2:      minmay_roachtagon, layout_basic
D:3:      layout_loops_ring, serial_shops, nicolae_shop_tiny_waterfront
D:4:      layout_rooms, old_standard_altar, minmay_joined_circles
D:5:      layout_basic, serial_shops, nicolae_lakefront_shop,
          hangedman_abyss_or_decor_lesser_grid, minmay_increasing_density
D:6:      lemuel_castle_with_subvaults [lemuel_castle_interior_carwin_2],
          layout_basic, nzn_wu_jian_council_hall, nemelex_diamond_rough_becter,
          minmay_temple_entry_offerings, lightli_minifort, uniq_blork_the_orc
Temple:   nicolae_temple_superstar

Skill      XL: |  1  2  3  4  5  6  7  8  9 |
---------------+----------------------------+-----
Fighting       | 1 2 3 |  3.6
Poison Magic   | 4 5 6 |  6.7
Air Magic      | 1 2 3 4 |  4.3
Spellcasting   | 3 4 5 6 |  6.7
Staves         | 1 2 |  2.1
Conjurations   | 3 5 |  5.0
Ice Magic      | 3 4 |  4.9
Dodging        | |  2.0
Stealth        | |  2.6
Transmutations | |  1.0

Action                     |  1- 3 |  4- 6 |  7- 9 || total
---------------------------+-------+-------+-------++-------
  Melee: Unarmed           |    18 |       |       ||    18
         Constrict         |    15 |    24 |    32 ||    71
         Tentacles         |    11 |    19 |    45 ||    75
         Punch             |     1 |     1 |     4 ||     6
         Spear             |    64 |   116 |    10 ||   190
         Staff             |       |       |   138 ||   138
   Cast: Sting             |     6 |       |     5 ||    11
         Poisonous Vapours |    15 |    33 |    63 ||   111
         Mephitic Cloud    |       |     3 |    11 ||    14
         Olgreb's Toxic Ra |       |       |    18 ||    18
  Evoke: Wand              |       |     2 |    17 ||    19
    Use: Scroll            |     5 |     4 |     8 ||    17
         Potion            |     1 |     3 |     6 ||    10
   Stab: Sleeping          |     7 |     2 |       ||     9
         Confused          |       |     1 |       ||     1
 Armour: Skin              |     9 |     5 |     7 ||    21
  Dodge: Dodged            |    34 |    52 |   116 ||   202

Table legend: (Time is in decaauts)
 A = Elapsed time spent in this place.
 B = Non-inter-level travel time spent in this place.
 C = Inter-level travel time spent in this place.
 D = Time resting spent in this place.
 E = Time spent auto-exploring this place.
 F = Levels seen in this place.
 G = Mean time per level.
                   A        B        C        D        E       F      G
               +--------+--------+--------+--------+--------+-----+--------+
         Total |   9388 |   9217 |    171 |   3744 |   4277 |   7 | 1341.1 |
       Dungeon |   9226 |   9078 |    148 |   3744 |   4170 |   6 | 1537.7 |
        Temple |    162 |    139 |     23 |      0 |    107 |   1 |  162.0 |
               +--------+--------+--------+--------+--------+-----+--------+

Top non-repeatable levels by time:
     D:6: 2210 daAuts
     D:5: 2107 daAuts
     D:1: 1503 daAuts
     D:4: 1441 daAuts
     D:2: 1197 daAuts
     D:3: 765 daAuts
  Temple: 162 daAuts
